 Dungeon Crawl Stone Soup version 0.22-a0-525-gf69a080 (webtiles) character file.

30 royokou the Conjurer (level 3, 0/24 HPs)
             Began as a Human Conjurer on June 21, 2018.
             Slain by a worm (10 damage)
             ... on level 2 of the Dungeon.
             The game lasted 00:09:42 (975 turns).

royokou the Conjurer (Human Conjurer)                Turns: 975, Time: 00:09:43

Health: 0/24       AC:  2    Str:  8    XL:     3   Next: 35%
Magic:  1/6        EV: 12    Int: 16    God:
Gold:   76         SH:  0    Dex: 13    Spells: 5/6 levels left

rFire    . . .     SeeInvis .   o - +1 dagger (holy)
rCold    . . .     Gourm    .   (no shield)
rNeg     . . .     Faith    .   a - +0 robe
rPois    .         Spirit   .   (no helmet)
rElec    .         Reflect  .   (no cloak)
rCorr    .         Harm     .   (no gloves)
MR       .....                  (no boots)
Stlth    ++........             (no amulet)
HPRegen  0.08/turn              (no ring)
MPRegen  0.10/turn              (no ring)

@: very slightly contaminated
A: no striking features
a: no special abilities


You were on level 2 of the Dungeon.
You were hungry.

You visited 1 branch of the dungeon, and saw 2 of its levels.

You collected 76 gold pieces.

Inventory:

Hand Weapons
 h - a +1 dagger of flaming
 i - a cursed +0 dagger
 j - a +0 dagger
 k - a +0 dagger
 o - a +1 dagger of holy wrath (weapon)
Missiles
 b - 18 arrows
 f - 31 stones (quivered)
 q - 14 sling bullets
Armour
 a - a +0 robe (worn)
 g - a +0 helmet
 l - a +0 robe
Scrolls
 e - a scroll of identify {unknown}
 m - a scroll of remove curse {unknown}
Potions
 d - a potion of flight {unknown}
 n - a potion of haste {unknown}
 p - a potion of heal wounds {unknown}
Comestibles
 c - 4 rations


   Skills:
 + Level 2.0 Dodging
 + Level 2.3 Stealth
 + Level 2.3 Spellcasting
 + Level 4.6 Conjurations


You had 5 spell levels left.
You knew the following spells:

 Your Spells              Type           Power        Failure   Level  Hunger
a - Magic Dart            Conj           ###.         3%          1    #......

Your spell library contained the following spells:

 Spells                   Type           Power        Failure   Level  Hunger
 Iskenderun's Mystic Bla  Conj           ###.....     30%         4    #####..
 Fulminant Prism          Conj/Hex       #.........   61%         4    #####..
 Dazzling Spray           Conj/Hex       #.....       24%         3    ###....
 Force Lance              Conj/Tloc      #.......     61%         4    #####..
 Searing Ray              Conj           ###...       4%          2    ###....


Dungeon Overview and Level Annotations

Branches:
Dungeon (2/15)

Altars:
Ashenzari


Message History

The magic dart hits the worm.
The worm is moderately wounded.
The worm bites you.
Casting: Magic Dart (safe; 3% risk of failure)
Confirm with . or Enter, or press ? or * to list all spells.
You don't know that spell.
You barely miss the worm.
The worm is moderately wounded.
You hit the worm.
The worm is heavily wounded.
The worm bites you.
You hit the worm.
The worm is heavily wounded.
The worm misses you.
You barely miss the worm.
The worm is heavily wounded.
You hit the worm.
The worm is severely wounded.
The worm bites you!
You die...

##.#...####.## .
#⌠...+##.⌠#..##.#
..#...............#
#.....)...#####..#
.#.......# ..#
+..._...+ ##
#.......#
#.......##
#.......@.#
#⌠.##+#w.⌠...# ..##
..##.#.## ... #...
...# .# #... $###
#### .# .# .#


You could see a worm.

Vanquished Creatures
  An ooze (D:1)
  A dart slug (D:1)
  A leopard gecko (D:1)
  2 bats (D:1)
  2 giant cockroaches
  4 goblins
  3 hobgoblins (D:1)
  2 frilled lizards (D:1)
  5 rats (D:1)
21 creatures vanquished.

Notes
Turn   | Place    | Note
-------+----------+-------------------------------------------
     0 | D:1      | royokou the Human Conjurer began the quest for the Orb.
     0 | D:1      | Reached XP level 1. HP: 13/13 MP: 3/3
   182 | D:1      | Reached XP level 2. HP: 19/19 MP: 5/5
   579 | D:1      | Reached XP level 3. HP: 24/24 MP: 1/6
   930 | D:2      | Found a shattered altar of Ashenzari.
   975 | D:2      | Slain by a worm

Vault maps used:
D:1:      minmay_arrival_checkered_box
D:2:      lemuel_zombie_altar_kikubaaqudgha, hangedman_decor_peaks_small,
          evilmike_ruin_ashenzari

Action                   || total
-------------------------++-------
Melee: Dagger            ||    27
       Unarmed           ||     4
 Cast: Magic Dart        ||    30
 Stab: Sleeping          ||     2
Armor: Robe              ||     4
Dodge: Dodged            ||    11

Table legend:
 A = Spawn XP
 B = Non-spawn XP
 C = Spawn XP percentage of total XP
 D = Spawn monster count
 E = Non-spawn monster count
 F = Spawn count percentage of total count
 G = Total turns spent on level
                    A         B        C        D         E        F      G
               +---------+---------+-------+---------+---------+-------+---------
         Total |       0 |      43 |   0.0 |       0 |      21 |   0.0 |   975
               +---------+---------+-------+---------+---------+-------+---------
           D:1 |       0 |      39 |   0.0 |       0 |      19 |   0.0 |   918
           D:2 |       0 |       4 |   0.0 |       0 |       2 |   0.0 |    57
               +---------+---------+-------+---------+---------+-------+---------
